 Dungeon Crawl Stone Soup version 0.14.2 (webtiles) character file.

25 Amnesiac the Charlatan (level 2, -1/14 HPs)
             Began as a Spriggan Artificer on Feb 9, 2018.
             Was an Initiate of Nemelex Xobeh.
             Slain by a quokka (4 damage)
             ... on Level 4 of the Dungeon.
             The game lasted 00:01:29 (657 turns).

Amnesiac the Charlatan (Spriggan Artificer)          Turns: 657, Time: 00:01:29

HP  -1/14        AC  2     Str  7      XL: 2   Next: 17%
MP   5/5         EV 18     Int 13      God: Nemelex Xobeh [......]
Gold 14          SH  0     Dex 16      Spells:  0 memorised,  1 level left

rFire  . . .     SeeInvis +     a - +0 short sword
rCold  . . .     Clarity  .     e - +0 robe
rNeg   . . .     Conserve .     (shield restricted)
rPois  .         rCorr    .     (helmet restricted)
rElec  .         rRot     .     (no cloak)
SustAb . .       Spirit   .     (gloves unavailable)
rMut   .         Warding  .     (boots unavailable)
Saprov . . .     Stasis   .     (no amulet)
MR     .....                    (no ring)
                                (no ring)

@: very quick, not resistant to hostile enchantments, fairly stealthy
A: unfitting armour, see invisible, herbivore 3, speed 3, slow metabolism 2
a: Renounce Religion


You were on level 4 of the Dungeon.
You worshipped Nemelex Xobeh.
Nemelex Xobeh was noncommittal.
You were not hungry.

You visited 2 branches of the dungeon, and saw 5 of its levels.

You collected 14 gold pieces.

Inventory:

Hand weapons
 a - a +0,+0 short sword (weapon)
 h - a +0,+0 mace
Missiles
 j - 25 sling bullets
Armour
 e - a +0 robe (worn)
Magical devices
 b - a wand of flame (15)
 c - a wand of enslavement (15)
 d - a wand of random effects (15)
Comestibles
 k - a bread ration
Scrolls
 i - a scroll of magic mapping {!r, unknown}
 l - a scroll of recharging {!r, unknown}
 n - a scroll of fog {!r, unknown}
Potions
 f - a potion of porridge {!q}
 g - a potion of restore abilities {!q, unknown}
Books
 m - a book of Dreams

   Spells                             Type                      Level
   Ensorcelled Hibernation            Hexes/Ice                    2
   Flight                             Charms/Air                   3
   Phase Shift                        Translocation                5
   Shadow Creatures                   Summoning                    5
   Mass Confusion                     Hexes                        6
   Darkness                           Hexes                        7


   Skills:
 - Level 1.0 Fighting
 - Level 1.1 Short Blades
 + Level 3.3 Dodging
 - Level 1.5 Stealth
 * Level 4.6 Evocations


You had one spell level left.
You didn't know any spells.

Dungeon Overview and Level Annotations

Branches:
Dungeon (4/15)             Temple (1/1) D:4

Altars:
Cheibriados
Elyvilon
Nemelex Xobeh
Vehumet
Xom

Annotations:
D:4 exclusion: 2 doors


Innate Abilities, Weirdness & Mutations

You are tiny and cannot use many weapons and most armour.
You have supernaturally acute eyesight.
You are a herbivore.
You cover ground extremely quickly.
You need consume almost no food.


Message History

Placed new exclusion.
Reduced exclusion size to a single square.
m - a book of Dreams
Found 16 arrows.
No target in view!
A rat comes into view.
A rat is nearby!
A rat is nearby!
A bat comes into view.
The rat completely misses you.
You closely miss the bat. The bat completely misses you. The rat bites you.
You hit the rat.
The rat is heavily wounded.
The bat misses you. The rat closely misses you.
You hit the rat.
You kill the rat!
The bat completely misses you. The bat completely misses you.
You hit the bat but do no damage. The bat hits you but does no damage.
You barely miss the bat. The bat misses you.
The bat hits you but does no damage.
You closely miss the bat. The bat hits you but does no damage.
The bat completely misses you. The bat closely misses you.
You hit the bat.
The bat is severely wounded.
The bat misses you. The bat hits you.
You hit the bat.
You kill the bat!
No target in view!
No target in view!
You now have 14 gold pieces.
Found a stone staircase leading down.
n - a scroll labeled PRAPPO SMAEROI {!r}
Found an escape hatch in the floor.
Found a staircase to the Ecumenical Temple.
(D) Dungeon (T) Temple
Where to? (Enter - D:1 @ (x,y), ? - help)
Found a scroll labeled VUBOBE DAORYO.
A quokka comes into view.
Found an escape hatch in the ceiling.
There is a staircase to the Ecumenical Temple here.
You climb downwards.
Welcome to the Ecumenical Temple!
There is a staircase back to the Dungeon here.
Found two altars.
Found a white marble altar of Elyvilon.
There is a fountain of clear blue water here.
There is a sparkling altar of Nemelex Xobeh here.
You kneel at the altar of Nemelex Xobeh.
Nemelex Xobeh welcomes you!
There is a staircase back to the Dungeon here.
You climb upwards.
Welcome back to the Dungeon!
Level annotation: exclusion: 2 doors The quokka bites you.
The quokka closely misses you.
There is a staircase to the Ecumenical Temple here.
You closely miss the quokka. The quokka bites you.
* * * LOW HITPOINT WARNING * * *
You barely miss the quokka. The quokka bites you.
* * * LOW HITPOINT WARNING * * *
You closely miss the quokka. The quokka bites you.
* * * LOW HITPOINT WARNING * * *
The quokka bites you.
You die...
Your body disappears without a glow.

...................
.....................
#..........>..........
.#.....................
.#..........#.#.#.#.#...
.....#..................
.....#......#.......#...
.................r.......
......#..#...@...#..<.
>....#...............
.####..#.......#...
#.........?....
##.#.#.#.#.#...
#............
####........ #.......
....


You could see a quokka.

Vanquished Creatures
  An ooze (D:2)
  3 bats
  A hobgoblin (D:1)
  2 giant cockroaches (D:1)
  2 giant newts
  A goblin (D:1)
  A rat (D:4)
11 creatures vanquished.

Notes
Turn   | Place    | Note
--------------------------------------------------------------
     0 | D:1      | Amnesiac, the Spriggan Artificer, began the quest for the Orb.
     0 | D:1      | Reached XP level 1. HP: 9/9 MP: 2/2
    16 | D:1      | Reached skill level 1 in Fighting
   424 | D:2      | Reached XP level 2. HP: 9/14 MP: 5/5
   533 | D:3      | Found a radiant altar of Vehumet.
   553 | D:4      | Found a shimmering altar of Xom.
   623 | D:4      | Found a staircase to the Ecumenical Temple.
   631 | Temple   | Entered the Ecumenical Temple
   645 | Temple   | Became a worshipper of Nemelex Xobeh the Trickster
   657 | D:4      | Slain by a quokka

Action                   || total
-------------------------++-------
Melee: Short sword       ||    52
 Stab: Sleeping          ||     1
